AoeStats
← 啊超

Arena

505902269Analyzed
3v3 RM · 20d ago on Sep 11, 2026· 46m 37s· 6 players
Game mode
Random Map
Map size
Normal (6 player)
Population
200
Speed
Normal
Resources
Standard
Victory
Conquest
Starting age
Dark Age
Ending age
Imperial Age
RankedLock teamsTeams togetherTeam positionsShared explorationLock speedFull tech treeHidden civsTurbo modeCheats
Victory
Defeat
🇨🇳 Bohemians · China
1058
+14
🇻🇳 Vietnamese · Vietnam
1026
+15
🇨🇳 Franks · China
945
+18
🇮🇳 Magyars · India
1052
-23
🇨🇿 Bohemians · Czechia
993
-15
🇮🇳 Franks · India
956
-14
啊超
10:43 Feudal Age
15:09 Castle Age
13:37 Double-Bit Axe
14:46 Loom
33:53 Imperial Age
31:30 Pikeman
31:58 Arson
32:53 Squires
34:01 Wheelbarrow
34:53 Halberdier
35:47 Forging
35:38 Scale Mail Armor
36:44 Chemistry
36:05 Ballistics
37:46 Houfnice
41:18 Iron Casting
40:58 Chain Mail Armor
43:58 Blast Furnace
43:28 Plate Mail Armor
agnak3
10:46 Feudal Age
13:23 Wheelbarrow
15:34 Castle Age
13:43 Double-Bit Axe
14:39 Horse Collar
17:05 Loom
22:16 Heavy Plow
23:13 Town Watch
24:49 Gold Mining
25:11 Bow Saw
25:50 Squires
28:18 Hand Cart
28:05 Town Patrol
28:00 Stone Mining
31:37 Imperial Age
30:00 Forging
31:22 Ballistics
30:58 Murder Holes
31:40 Iron Casting
31:57 Stone Shaft Mining
31:23 Fletching
33:35 Chemistry
32:00 Elite Fire Lancer
33:12 Scale Mail Armor
33:09 Bodkin Arrow
35:28 Two-Man Saw
35:00 Crop Rotation
34:49 Chain Mail Armor
34:37 Bracer
37:08 Plate Mail Armor
36:40 Padded Archer Armor
37:19 Bloodlines
37:09 Husbandry
37:05 Elite Skirmisher
38:17 Arson
38:06 Elite Skirmisher
40:08 Leather Archer Armor
40:00 Siege Engineers
41:19 Elite Battle Elephant
42:28 Paper Money
42:09 Chatras
42:46 Hoardings
42:28 Imperial Skirmisher
44:05 Scale Barding Armor
44:32 Ring Archer Armor
44:16 Fortified Wall
43:39 Sappers
45:32 Treadmill Crane
46:14 Chain Barding Armor
ydyk123
10:46 Feudal Age
11:41 Double-Bit Axe
15:53 Castle Age
14:19 Stone Mining
14:52 Loom
28:58 Imperial Age
27:55 Gold Mining
29:30 Padded Archer Armor
29:43 Forging
29:34 Padded Archer Armor
29:24 Fletching
30:20 Wheelbarrow
31:30 Chemistry
30:22 Elite Skirmisher
32:38 Hand Cart
32:29 Pikeman
33:09 Squires
33:14 Scale Mail Armor
35:24 Imperial Skirmisher
35:26 Halberdier
35:53 Cavalier
36:34 Husbandry
36:57 Bow Saw
36:47 Arson
39:46 Bodkin Arrow
40:06 Leather Archer Armor
40:37 Conscription
43:23 Iron Casting
43:03 Chain Mail Armor
42:53 Scale Barding Armor
44:27 Gold Shaft Mining
44:06 Paladin
Apo11o
10:17 Feudal Age
11:29 Loom
14:27 Castle Age
13:07 Double-Bit Axe
17:01 Bow Saw
17:15 Horse Collar
20:51 Wheelbarrow
21:19 Light Cavalry
24:28 Gold Mining
25:10 Heavy Plow
25:23 Scale Barding Armor
25:35 Bloodlines
25:25 Husbandry
27:56 Fletching
28:07 Padded Archer Armor
33:39 Imperial Age
31:26 Hand Cart
31:01 Town Watch
31:19 Bodkin Arrow
32:33 Ballistics
32:24 Masonry
32:33 Town Patrol
33:26 Thumb Ring
35:21 Chemistry
34:27 Siege Engineers
34:25 Bracer
35:15 Chain Barding Armor
35:48 Parthian Tactics
35:58 Heavy Cavalry Archer
39:32 Recurve Bow
39:52 Conscription
41:06 Gold Shaft Mining
40:42 Elite Magyar Huszar
42:09 Plate Barding Armor
42:07 Corvinian Army
44:35 Leather Archer Armor
45:53 Hoardings
rohangupta4398
7:11 Loom
9:19 Feudal Age
12:49 Double-Bit Axe
15:24 Castle Age
17:07 Bow Saw
18:29 Stone Mining
21:23 Gold Mining
22:27 Town Watch
23:56 Wheelbarrow
24:56 Hand Cart
25:47 Fletching
30:12 Husbandry
30:26 Bodkin Arrow
34:36 Imperial Age
33:22 Gold Shaft Mining
34:16 Scale Barding Armor
36:03 Chain Barding Armor
36:50 Cavalier
37:44 Forging
41:47 Plate Barding Armor
44:27 Iron Casting
JakubCZ
10:56 Feudal Age
15:43 Castle Age
13:40 Double-Bit Axe
14:21 Horse Collar
17:04 Bow Saw
20:34 Loom
25:09 Fletching
27:43 Chemistry
27:16 Heavy Plow
30:51 Imperial Age
28:09 Town Watch
29:47 Wheelbarrow
29:43 Ballistics
30:39 Bodkin Arrow
30:45 Padded Archer Armor
Connection lost

Rejoining the realm…

Still unreachable

The connection could not be restored.

Session expired

The server has moved on; the page needs a fresh start.